 Dungeon Crawl Stone Soup version 0.29.1-14-g9c671dbff4 (webtiles) character file.

Game seed: 2971669122574969687

169 protoss039 the Digger (level 5, -17/39 HPs)
             Began as a Demonspawn Earth Elementalist on Feb 16, 2023.
             Was an Initiate of Vehumet.
             Killed from afar by a steam dragon (19 damage)
             ... with a ball of steam
             ... on level 4 of the Dungeon.
             The game lasted 00:04:53 (4194 turns).

protoss039 the Digger (DsEE)                        Turns: 4194, Time: 00:04:53

Health: -17/39     AC:  5    Str:  8    XL:     5   Next: 25%
Magic:  7/9        EV: 12    Int: 21    God:    Vehumet [......]
Gold:   166        SH:  0    Dex: 20    Spells: 4/10 levels left

rFire   . . .      SeeInvis .   s - +0 short sword of Xugut {freeze, Dex+2}
rCold   x . .      Faith    .   (no shield)
rNeg    . . .      Spirit   .   a - +0 robe
rPois   .          Reflect  .   (no helmet)
rElec   .          Harm     .   (no cloak)
rCorr   +          Rampage  .   (no gloves)
Will    .....                   (no boots)
Stlth   ++........              (no amulet)
HPRegen 0.13/turn               v - ring "Hoyru" {Fly rC- rCorr Int+2 Dex+5}
MPRegen 0.11/turn               (no ring)

@: flying
A: thin metallic scales 2
a: Renounce Religion


You were on level 4 of the Dungeon.
You worshipped Vehumet.
Vehumet was noncommittal.
You visited 2 branches of the dungeon, and saw 5 of its levels.

You collected 221 gold pieces.
You spent 55 gold pieces at shops.

Inventory:

Hand Weapons
 s - the +0 short sword of Xugut (weapon) {freeze, Dex+2}
   (You found it on level 3 of the Dungeon)

   It freezes those it strikes, dealing additional cold damage.
   It can also slow down cold-blooded creatures.
   Dex:       It affects your dexterity (+2).
Armour
 a - a +0 robe (worn)
Jewellery
 v - the ring "Hoyru" (left hand) {Fly rC- rCorr Int+2 Dex+5}
   (You found it on level 3 of the Dungeon)

   [ring of resist corrosion]

   Int:       It affects your intelligence (+2).
   Dex:       It affects your dexterity (+5).
   rC:        It makes you vulnerable to cold.
   Fly:       It grants you flight.
   rCorr:     It protects you from acid and corrosion.
Wands
 r - a wand of polymorph (4)
Scrolls
 e - 2 scrolls of torment
 f - a scroll of identify
 j - a scroll of fog {unknown}
 l - 2 scrolls of poison
 o - 2 scrolls of teleportation
 t - a scroll of immolation {unknown}
 u - a scroll of enchant weapon {unknown}
Potions
 b - a potion of magic
 c - 3 potions of resistance
 d - a potion of brilliance {unknown}
 g - a potion of heal wounds {unknown}
 i - 2 potions of mutation {unknown}
 n - 2 potions of curing
 p - a potion of haste {unknown}


   Skills:
 + Level 2.5 Fighting
 - Level 1.7 Dodging
 - Level 1.7 Stealth
 + Level 3.2 Spellcasting
 + Level 1.1 Conjurations
 - Level 0.8 Transmutations
 + Level 3.7 Earth Magic


You had 4 spell levels left.
You knew the following spells:

 Your Spells              Type           Power      Damage    Failure   Level
a - Sandblast             Erth           38%        2d10      2%          1
b - Passwall              Tmut/Erth      10%        N/A       8%          2
c - Stone Arrow           Conj/Erth      26%        3d8       14%         3

Your spell library contained the following spells:

 Spells                   Type           Power      Damage    Failure   Level
 Petrify                  Tmut/Erth      13%        N/A       45%         4
 Dispersal                Tloc           1%         N/A       100%        6
 Disjunction              Tloc           1%         N/A       100%        8


Dungeon Overview and Level Annotations

Branches:
Dungeon (4/15) Zot: 19959  Temple (1/1) D:4 Zot: 5811

Altars:
Cheibriados
Dithmenos
Gozag
Hepliaklqana
Makhleb
Nemelex Xobeh
Qazlal
Ru
Sif Muna
Trog
Vehumet
Wu Jian
Xom

Shops:
D:1 *

Annotations:
D:3 3 runed translucent doors, enotiy's ghost, amateur GrFi; enotiy's ghost, weakling GrFi; ponobo's ghost, amateur MiBe; protoss039's ghost, amateur DsEE; sankara's ghost, amateur HOFi


Innate Abilities, Weirdness & Mutations

You are mostly covered in thin metallic scales. (AC +3)


Message History

The steam dragon hisses angrily.
The steam dragon breathes steam at you. The ball of steam misses you.
The steam dragon moves out of view.
You hear a bark!
You hear an angry growl.
You're standing in a cloud of steam!
You're standing in a cloud of steam!
You're standing in a cloud of steam!
You hear a shout!
You start waiting.
A steam dragon is nearby!
Casting: Sandblast (safe; 2% risk of failure)
Confirm with . or Enter, or press ? or * to list all spells.
Aiming: Sandblast (safe; 2% risk of failure)
Press: ? - help, Shift-Dir - straight line, f - steam dragon
Aim: a steam dragon (82% to hit)
The blast of sand hits the steam dragon but does no damage.
A scorpion comes into view.
The steam dragon breathes steam at you. The ball of steam hits you!
You hear a bark!
Casting: Sandblast (safe; 2% risk of failure)
Confirm with . or Enter, or press ? or * to list all spells.
Aiming: Sandblast (safe; 2% risk of failure)
Press: ? - help, Shift-Dir - straight line, f/p - steam dragon
Aim: a steam dragon (catching its breath, 82% to hit)
The blast of sand misses the steam dragon.
You are engulfed in a cloud of scalding steam.
The steam dragon barely misses you. The steam dragon claws you.
Unknown command.
The steam dragon attacks as you move away!
The steam dragon barely misses you. The steam dragon closely misses you.
The steam dragon attacks as you move away!
The steam dragon barely misses you.
The steam dragon claws you but does no damage.
You are engulfed in a cloud of scalding steam.
* * * LOW HITPOINT WARNING * * *
A hound comes into view.
The steam dragon breathes steam at you. The ball of steam hits you!!
You die...

......### $D....#.#
#.§'.# #h##
#..###.#.# #........#
#Ds###.### #§## #@#
#### ###.#
#..#####.#.####...
####.................
#............#######.
#.###.#####.##
#.###.#####.#
##.##...#>...#
#..........###


You could see a steam dragon (catching breath), a scorpion and a hound.

Vanquished Creatures
  An ogre (D:4)
  5 adders
  An orc (D:3)
  9 endoplasms
  3 giant cockroaches
  3 goblins
  3 hobgoblins (D:1)
  2 kobolds
  3 quokkas
  6 ball pythons
  2 bats
  4 frilled lizards
  A rat (D:3)
43 creatures vanquished.

Vanquished Creatures (others)
  2 fungi (D:1)
  A plant (D:1)
3 creatures vanquished.

Grand Total: 46 creatures vanquished

Notes
Turn   | Place    | Note
-------+----------+-------------------------------------------
     0 | D:1      | protoss039 the Demonspawn Earth Elementalist began the
                  | quest for the Orb.
     0 | D:1      | Reached XP level 1. HP: 13/13 MP: 3/3
    12 | D:1      | Found Owkufouli's General Store.
   175 | D:1      | Found a faded altar of an unknown god.
   507 | D:1      | Gained mutation: You are partially covered in thin metallic
                  | scales. (AC +2) [demonic ancestry]
   507 | D:1      | Reached XP level 2. HP: 20/20 MP: 5/5
   664 | D:1      | Reached skill level 1 in Fighting
  1188 | D:1      | Bought a potion of degeneration for 11 gold pieces
  1188 | D:1      | Bought a scroll of teleportation for 33 gold pieces
  1188 | D:1      | Bought a scroll of noise for 11 gold pieces
  1313 | D:2      | Reached XP level 3. HP: 14/26 MP: 0/6
  1533 | D:2      | You fall into a shaft and drop 1 floor!
  1658 | D:3      | Identified the +0 short sword of Xugut {freeze, Dex+2}
  1887 | D:3      | Found a runed translucent gate.
  1887 | D:3      | Found a runed translucent gate.
  1887 | D:3      | Found a runed translucent gate.
  1888 | D:3      | Noticed protoss039's ghost (amateur DsEE)
  1888 | D:3      | Noticed enotiy's ghost (amateur GrFi)
  1888 | D:3      | Noticed sankara's ghost (amateur HOFi)
  1888 | D:3      | Noticed ponobo's ghost (amateur MiBe)
  1888 | D:3      | Noticed enotiy's ghost (weakling GrFi)
  2272 | D:3      | HP: 1/27 [poisoned by an adder]
  2279 | D:3      | Learned a level 2 spell: Passwall
  2618 | D:2      | Found a stormy altar of Qazlal.
  2752 | D:2      | Gained mutation: You are mostly covered in thin metallic
                  | scales. (AC +3) [demonic ancestry]
  2752 | D:2      | Reached XP level 4. HP: 32/33 MP: 4/8
  3052 | D:2      | Learned a level 3 spell: Stone Arrow
  3063 | D:3      | Identified the ring "Hoyru" {Fly rC- rCorr Int+2 Dex+5}
  3739 | D:4      | Noticed an ogre
  3746 | D:4      | Killed an ogre
  3747 | D:4      | Reached skill level 1 in Conjurations
  3747 | D:4      | Reached XP level 5. HP: 25/39 MP: 4/9
  3856 | D:4      | Found a staircase to the Ecumenical Temple.
  3869 | Temple   | Entered the Ecumenical Temple
  4039 | Temple   | Became a worshipper of Vehumet
  4177 | D:4      | Noticed a steam dragon
  4194 | D:4      | Killed from afar by a steam dragon

Illustrated notes

Levels and vault maps discovered:
D:1:      erik_arrival_orb_chamber, layout_loops_corners,
          dreamdust_ecumenical_altar_grove, serial_shops, shop
D:2:      layout_basic, basic_altar, minmay_misc_feat_plants,
          due_unseen_surprise
D:3:      layout_loops_ring, serial_forest, infiniplex_forest_straight_4,
          infiniplex_forest_straight_5, infiniplex_forest_zigzag_1,
          infiniplex_forest_lined_room_3, infiniplex_forest_lined_3,
          infiniplex_forest_lined_2, infiniplex_forest_end_1,
          infiniplex_forest_lined_room_3, infiniplex_forest_lined_3_way,
          infiniplex_forest_lined_corner, gammafunk_ghost_cemetery,
          hangedman_decor_slide_cut, minivault_5, minmay_misc_feat_tiny,
          minmay_misc_feat_ornament, chequers_arboretum,
          hangedman_decor_opposing, minmay_misc_feat_room
D:4:      layout_loops_ring, minmay_temple_entry_crystal_x,
          nicolae_concentric_dashed_squares_wild, kennysheep_generic_room_16,
          uniq_duvessa
Temple:   nicolae_temple_bog_church

Skill      XL: |  1  2  3  4 |
---------------+-------------+-----
Fighting       | 1 2 |  2.5
Earth Magic    | 3 |  3.7
Spellcasting   | 3 |  3.2
Conjurations   | 1 |  1.1
Dodging        | |  1.7
Stealth        | |  1.7
Transmutations | |  0.8

Action                   |  1- 3 |  4- 6 || total
-------------------------+-------+-------++-------
Melee: Spear             |    26 |     8 ||    34
       Club              |     6 |       ||     6
       Punch             |     1 |       ||     1
       Short sword       |       |     8 ||     8
 Cast: Sandblast         |    47 |    16 ||    63
       Passwall          |       |     2 ||     2
  Use: Scroll            |       |     7 ||     7
 Stab: Sleeping          |     2 |       ||     2
Armor: Robe              |    17 |     5 ||    22
Dodge: Dodged            |    37 |    15 ||    52
